 Dungeon Crawl Stone Soup version 0.25.0-11-g1f837a76a1 (webtiles) character file.

Game seed: 18439023051814161400

8642 Lekan the Blocker (level 11, -9/92 HPs)
             Began as a Red Draconian Fighter on June 23, 2020.
             Was a High Priest of Okawaru.
             Killed from afar by an ogre mage (22 damage)
             ... with a bolt of lightning
             ... on level 2 of the Orcish Mines on June 24, 2020.
             The game lasted 01:32:15 (19310 turns).

Lekan the Blocker (Red Draconian Fighter)          Turns: 19310, Time: 01:32:15

Health: -9/92      AC: 10    Str: 22      XL:     11   Next: 12%
Magic:  11/12      EV: 12    Int:  8      God:    Okawaru [*****.]
Gold:   553        SH: 17    Dex:  9 (11) Spells: 10/10 levels left

rFire    + + .     SeeInvis .   m - +2 dagger (freeze)
rCold    . . .     Gourm    .   H - +0 tower shield
rNeg     . . .     Faith    .   (armour unavailable)
rPois    .         Spirit   .   d - +0 hat
rElec    .         Reflect  .   P - +1 cloak
rCorr    +         Harm     .   u - +0 pair of gloves
MR       +....                  (no boots)
Stlth    ++........             (no amulet)
HPRegen  0.25/turn              r - ring of protection from fire
MPRegen  0.13/turn              e - ring of resist corrosion

@: very slightly contaminated, studying Conjurations, invisible
A: breathe fire, unfitting armour, talons 1, deterioration 1, fire resistance 1,
magic resistance 1, cold-blooded, AC +7
a: Breathe Fire, Heroism, Finesse, Renounce Religion


You were on level 2 of the Orcish Mines.
You worshipped Okawaru.
Okawaru was extremely pleased with you.
You were not hungry.

You visited 3 branches of the dungeon, and saw 13 of its levels.

You collected 938 gold pieces.
You spent 385 gold pieces at shops.

Inventory:

Hand Weapons
 m - a +2 dagger of freezing (weapon)
 s - a +0 short sword of speed
 D - a +0 spear
 Q - a +2 long sword of holy wrath
 V - a +0 flail
Missiles
 n - 17 poisoned darts (quivered)
 C - 7 boomerangs
 M - 8 javelins
Armour
 a - a +0 kite shield
 b - a +0 buckler of poison resistance
 d - a +0 hat (worn)
 u - a +0 pair of gloves (worn)
 H - a +0 tower shield (worn)
 P - a +1 cloak (worn)
Magical Staves
 B - an uncursed staff of conjuration
 L - an uncursed staff of conjuration
 Y - an uncursed staff of wizardry {unknown}
Jewellery
 e - a ring of resist corrosion (right hand)
 r - a ring of protection from fire (left hand)
 G - an uncursed ring of stealth
 N - a cursed -4 ring of protection
 W - an uncursed ring of flight
 X - the macabre finger necklace {rN+}
   (You found it on level 9 of the Dungeon)

   [amulet of nothing]

   It protects you from negative energy.
Wands
 t - a wand of disintegration (23)
 v - a wand of clouds (8)
 y - a wand of flame (27)
 A - a wand of polymorph (8)
 E - a wand of iceblast (3)
 S - a wand of paralysis (9)
 U - a wand of digging (4)
Scrolls
 f - 9 scrolls of remove curse
 g - a scroll of brand weapon
 j - a scroll of teleportation
 k - 2 scrolls of enchant weapon
 l - 2 scrolls of immolation
 p - a scroll of fog
 q - 4 scrolls of identify
 w - a scroll of acquirement
 z - 5 scrolls of amnesia
 F - a scroll of vulnerability
 I - 2 scrolls of holy word
 R - a scroll of fear {unknown}
Potions
 i - 2 potions of curing
 o - a potion of invisibility
 x - a potion of magic
 K - a potion of flight
 O - 2 potions of cancellation
 T - a potion of stabbing
Books
 Z - a manual of Conjurations
Comestibles
 c - 11 rations


   Skills:
 * Level 7.1 Fighting
 - Level 5.3(6.5) Short Blades
 * Level 5.6(6.6) Long Blades
 - Level 0.5 Maces & Flails
 + Level 2.9 Throwing
 * Level 8.6 Dodging
 - Level 2.0 Stealth
 * Level 9.5 Shields
 - Level 4.6 Unarmed Combat
 + Level 0.3 Invocations
 + Level 2.6 Evocations


You had 10 spell levels left.
You didn't know any spells.
Your spell library contained the following spells:

 Spells                   Type           Power        Failure   Level  Hunger
 Hailstorm                Conj/Ice       #.......     100%        4    #####..
 Ice Form                 Ice/Tmut       #.......     100%        4    #####..
 Iskenderun's Mystic Bla  Conj/Tloc      #.......     100%        4    #####..
 Leda's Liquefaction      Hex/Erth       #.........   100%        4    #####..
 Olgreb's Toxic Radiance  Pois           #.......     100%        4    #####..
 Summon Lightning Spire   Summ/Air       #.......     100%        4    #####..
 Bolt of Magma            Conj/Fire/Erth #.........   100%        5    ######.
 Iskenderun's Battlesphe  Conj/Chrm      #.......     100%        5    ######.
 Iron Shot                Conj/Erth      #.........   100%        6    #######
 Orb of Destruction       Conj           #.........   100%        7    #######
 Spellforged Servitor     Conj/Summ      #.........   100%        7    #######


Dungeon Overview and Level Annotations

Branches:
Dungeon (10/15)            Temple (1/1) D:5             Orc (2/2) D:9
    Elf (0/3) Orc:2
   Lair: D:8-11

Altars:
Ashenzari
Cheibriados
Dithmenos
Elyvilon
Fedhas
Gozag
Hepliaklqana
Kikubaaqudgha
Makhleb
Nemelex Xobeh
Okawaru
Qazlal
Ru
Sif Muna
Trog
Uskayaw
Vehumet
Wu Jian
Xom
Yredelemnul
Zin
The Shining One

Shops:
D:6 ?   D:7 *


Innate Abilities, Weirdness & Mutations

You can breathe blasts of fire.
Your fiery red scales are hard. (AC +7)
You cannot fit into any form of body armour.
Your flesh is heat resistant. (rF+)
You are cold-blooded and may be slowed by cold attacks.
You have sharp toenails.
Your body sometimes deteriorates upon taking damage.
You are resistant to hostile enchantments. (MR+)


Message History

You fade into invisibility!
The two-headed ogre closely misses you.
The two-headed ogre completely misses you.
You are very lightly contaminated with residual magic.
All of the chunks of flesh in your inventory have rotted away.
An ogre mage comes into view. It is wielding a +0 spear.
You see here a poisoned dart.
You block the ogre mage's attack.
The ogre mage hits you but does no damage.
You feel like a meek peon again. The ogre mage hits you with a +0 spear.
* * * LOW HITPOINT WARNING * * *
The ogre mage gestures at you while chanting.
You resist with almost no effort. You block the ogre mage's attack.
An ogre comes into view. It is wielding a +0 giant spiked club.
You have got your breath back.
The ogre mage gestures at you while chanting.
The bolt of lightning hits you!!
You die...

...#..##......#
.##O...
.......#...(.## ..
.#..
..........O### .#.
... ............##
.............#
........O.#.####..
....###...###..#..
...# ##.###......
... ##@.#......#
##........#
#........#
#......O.#
#........#
##........#.
#...........
##..........
###......#


You could see an ogre mage and an ogre (wandering).

Vanquished Creatures
  A death knight (D:9)
  Pikel (D:6)
  Psyche (D:9)
  3 trolls (D:9)
  A hornet (D:7)
  A vampire (D:9)
  A wyvern (D:9)
  2 fire elementals (Orc:2)
  2 wargs (D:9)
  2 hell hounds (Orc:2)
  A slave (D:6)
  8 orc warriors
  An ice beast (D:9)
  12 ogres
  A phantom (D:4)
  5 centaurs
  A necrophage (D:6)
  A crocodile (D:9)
  A big kobold (D:9)
  3 bullfrogs
  6 scorpions
  A killer bee (D:9)
  7 wights
  A howler monkey (D:9)
  3 crimson imps
  A bullfrog zombie (D:9)
  2 jellies
  A quasit (D:5)
  9 orc priests
  6 hounds
  2 bullfrog skeletons
  Crazy Yiuf (D:2)
  Jessica (D:2)
  2 iguanas
  15 orc wizards
  5 worker ants
  2 hound skeletons
  5 gnolls
  18 adders
  4 shadow imps
  3 oozes
  2 adder skeletons
  4 worms
  3 dart slugs (D:1)
  5 leopard geckos
  37 orcs
  3 ball pythons
  6 bats
  6 giant cockroaches
  4 goblins
  6 hobgoblins
  17 jackals
  11 kobolds
  2 quokkas
  9 frilled lizards
  8 rats
267 creatures vanquished.

Vanquished Creatures (others)
  Maurice (D:7)
  A sky beast (D:8)
  An ogre (Orc:2)
  A bullfrog (D:9)
  An orc priest (D:9)
  An orc wizard (D:9)
  3 orcs (D:9)
9 creatures vanquished.

Grand Total: 276 creatures vanquished

Notes
Turn   | Place    | Note
-------+----------+-------------------------------------------
     0 | D:1      | Lekan the Draconian Fighter began the quest for the Orb.
     0 | D:1      | Reached XP level 1. HP: 19/19 MP: 1/1
   201 | D:1      | Reached XP level 2. HP: 26/26 MP: 2/2
   307 | D:1      | Reached XP level 3. HP: 15/31 MP: 3/3
  1258 | D:2      | Found a runed translucent door.
  1259 | D:2      | Noticed Crazy Yiuf
  1373 | D:2      | Killed Crazy Yiuf
  1373 | D:2      | Reached XP level 4. HP: 26/40 MP: 4/4
  1809 | D:2      | Noticed Jessica
  1822 | D:2      | Killed Jessica
  1893 | D:2      | Found a hazy altar of Hepliaklqana.
  1895 | D:2      | Found a basalt altar of Yredelemnul.
  1895 | D:2      | Found a white marble altar of Elyvilon.
  1897 | D:2      | Found a shadowy altar of Dithmenos.
  1897 | D:2      | Found a snail-covered altar of Cheibriados.
  1897 | D:2      | Found a shimmering altar of Xom.
  2002 | D:2      | Reached XP level 5. HP: 41/46 MP: 5/5
  3003 | D:3      | Reached skill level 4 in Shields
  3088 | D:3      | Found a blossoming altar of Fedhas.
  3173 | D:3      | Reached skill level 1 in Short Blades
  3713 | D:4      | Noticed a phantom
  3763 | D:4      | Killed a phantom
  3763 | D:4      | Reached skill level 1 in Stealth
  3763 | D:4      | Reached XP level 6. HP: 31/52 MP: 6/6
  4705 | D:4      | Your scales start taking on a fiery red colour.
  4705 | D:4      | Reached XP level 7. HP: 59/59 MP: 7/7
  4705 | D:4      | Gained mutation: Your flesh is heat resistant. (rF+) [Red
                  | Draconian growth]
  4993 | D:4      | Reached skill level 5 in Shields
  5163 | D:4      | Reached skill level 1 in Evocations
  5515 | D:4      | Found a glowing silver altar of Zin.
  6056 | D:5      | Entered Level 5 of the Dungeon
  6056 | D:5      | Found a burning altar of Makhleb.
  6412 | D:5      | Found a staircase to the Ecumenical Temple.
  6424 | Temple   | Entered the Ecumenical Temple
  6503 | Temple   | Became a worshipper of Warmaster Okawaru
  6581 | D:5      | Found a snail-covered altar of Cheibriados.
  6685 | D:5      | Reached XP level 8. HP: 67/67 MP: 9/9
  6883 | D:5      | Reached skill level 5 in Dodging
  7168 | D:5      | Found an ancient bone altar of Kikubaaqudgha.
  7172 | D:5      | Reached skill level 5 in Fighting
  7605 | D:5      | Reached skill level 6 in Shields
  7987 | D:6      | Found a basalt altar of Yredelemnul.
  9333 | D:6      | Noticed Pikel
  9423 | D:6      | Killed Pikel
  9423 | D:6      | Reached * piety under Okawaru
  9423 | D:6      | Reached ** piety under Okawaru
  9423 | D:6      | Reached skill level 1 in Throwing
  9423 | D:6      | Reached XP level 9. HP: 33/74 MP: 10/10
  9733 | D:6      | Found Vyhuk Eha's Magic Scroll Shop.
  9739 | D:6      | Bought a scroll of remove curse for 42 gold pieces
  9739 | D:6      | Bought a scroll of blinking for 105 gold pieces
  9739 | D:6      | Bought a scroll of identify for 28 gold pieces
  9739 | D:6      | Bought a scroll of enchant weapon for 105 gold pieces
  9739 | D:6      | Bought a scroll of identify for 28 gold pieces
  9739 | D:6      | Bought a scroll of identify for 28 gold pieces
  9747 | D:6      | Gained mutation: You are resistant to hostile enchantments.
                  | (MR+) [potion of mutation]
  9747 | D:6      | Gained mutation: Your body sometimes deteriorates upon
                  | taking damage. [potion of mutation]
  9747 | D:6      | Gained mutation: You have sharp toenails. [potion of
                  | mutation]
 10241 | D:7      | Reached skill level 7 in Shields
 10783 | D:7      | Found a hide-covered altar of Uskayaw.
 10812 | D:7      | Found Eheudasu's Mass Market.
 10816 | D:7      | Bought a +0 tower shield for 49 gold pieces
 10847 | D:7      | Found a glowing golden altar of the Shining One.
 11435 | D:8      | Noticed Maurice
 11775 | D:8      | Reached *** piety under Okawaru
 12388 | D:7      | Identified a scroll of acquirement
 12832 | D:7      | Killed Maurice
 12832 | D:7      | Reached skill level 5 in Short Blades
 13331 | D:8      | Reached skill level 8 in Shields
 13515 | D:8      | Reached XP level 10. HP: 83/83 MP: 11/11
 13650 | D:9      | Found a shadowy altar of Dithmenos.
 13727 | D:9      | Received a gift from Okawaru
 13749 | D:9      | Reached skill level 1 in Long Blades
 14346 | D:9      | Found a staircase to the Orcish Mines.
 14400 | D:9      | Noticed Psyche
 14421 | D:9      | Killed Psyche
 14421 | D:9      | Reached **** piety under Okawaru
 14668 | D:9      | Found the macabre finger necklace {rN+}
 14679 | D:9      | Identified Witchcraft Continued
 14913 | D:9      | Upgraded the game from 0.25.0-10-g039870ee82 to
                  | 0.25.0-11-g1f837a76a1
 15341 | D:10     | Entered Level 10 of the Dungeon
 16145 | D:9      | Reached skill level 9 in Shields
 16732 | D:10     | Noticed a death knight
 17118 | D:9      | Killed a death knight
 17339 | D:10     | Noticed a two-headed ogre
 17373 | Orc:1    | Entered Level 1 of the Orcish Mines
 17477 | D:9      | Reached skill level 5 in Long Blades
 18310 | Orc:1    | Reached XP level 11. HP: 33/92 MP: 12/12
 18711 | Orc:2    | Entered Level 2 of the Orcish Mines
 19206 | Orc:2    | Found a staircase to the Elven Halls.
 19241 | Orc:2    | Reached ***** piety under Okawaru
 19289 | Orc:2    | Noticed a two-headed ogre
 19303 | Orc:2    | Noticed an ogre mage
 19310 | Orc:2    | Killed from afar by an ogre mage

Illustrated notes

Levels and vault maps discovered:
D:1:      minmay_arrival_four_loops, layout_loops_ring, minmay_split_cup_small
D:2:      layout_basic, doesnt_xom_only_xom, uniq_crazy_yiuf_cottage,
          uniq_jessica
D:3:      layout_loops_ring, lemuel_crystal_altar, minmay_door_square
D:4:      wad_river_or_something, layout_basic, zin_treasury, first_ration,
          lemuel_another_geyser
D:5:      layout_cave_pods, bloody_makhleb, kiku_gazebo_pond_becter,
          slow_altar_1, temple_fountains
D:6:      layout_rooms, yredelemnul_altar_generic, serial_shops, shop,
          minivault_1, patterned_corridor, uniq_pikel
D:7:      layout_loops_cross, lemuel_round_altar, lemuel_round_altar,
          minmay_shop_mass
D:8:      layout_basic, grunt_ogre_cave, uniq_maurice
D:9:      layout_rooms, grunt_dithmenos_smoke_and_mirrors, david_orc_3,
          lemuel_flamethrower_hall, uniq_psyche
D:10:     minmay_the_grid_plus [minmay_the_grid_tiny_cups,
          minmay_the_grid_all_tris, minmay_the_grid_pillar_ring,
          minmay_the_grid_medium_cups, minmay_the_grid_prize_four_corners],
          layout_rooms, minmay_joined_circles
Temple:   nicolae_temple_hex_pool
Orc:1:    layout_diamond_mine
Orc:2:    st_orc_ogre_mass, layout_caves, special_room, nicolae_orc_tapped_out,
          uniq_azrael

Skill      XL: |  1  2  3  4  5  6  7  8  9 10 |
---------------+-------------------------------+-----
Dodging        | 3 4 6 7 8 |  8.6
Unarmed Combat | 3 4 |  4.6
Shields        | 4 5 6 8 9 |  9.5
Short Blades   | 2 3 5 |  5.3
Fighting       | 4 5 6 7 |  7.1
Stealth        | 1 2 |  2.0
Evocations     | 1 2 |  2.6
Throwing       | 1 2 |  2.9
Long Blades    | 5 |  5.6
Maces & Flails | |  0.5
Invocations    | |  0.3

Action                   |  1- 3 |  4- 6 |  7- 9 | 10-12 || total
-------------------------+-------+-------+-------+-------++-------
Melee: Unarmed           |   113 |       |       |       ||   113
       Tailslap          |    16 |    25 |    64 |    61 ||   166
       Mace              |       |    32 |       |       ||    32
       Dagger            |       |   224 |   613 |    34 ||   871
       Kick              |       |       |    55 |   116 ||   171
       Long sword        |       |       |     2 |   287 ||   289
Throw: Dart              |       |    13 |    74 |    13 ||   100
       Javelin           |       |       |       |     3 ||     3
Invok: Heroism           |       |       |       |     4 ||     4
 Abil: Breathe Fire      |       |       |    27 |    22 ||    49
Evoke: Wand              |       |       |       |     1 ||     1
  Use: Scroll            |     2 |       |    12 |     4 ||    18
       Potion            |       |       |    15 |     6 ||    21
 Stab: Sleeping          |     1 |     4 |     3 |       ||     8
  Eat: Chunk             |     1 |    11 |    17 |     2 ||    31
       Ration            |       |       |     5 |     6 ||    11
Armor: Skin              |    26 |    65 |   126 |   108 ||   325
Dodge: Dodged            |    49 |    94 |   181 |   143 ||   467
Block: Kite shield       |    60 |   124 |   208 |       ||   392
       Tower shield      |       |       |    95 |   337 ||   432
       Buckler           |       |       |       |     2 ||     2
       Rpst.: Long sword |       |       |       |    38 ||    38
